Map: Catalyst LE

Players

nOtoRioUsPiG

  • Race: Terran Terran
  • League: Grandmaster
  • Spawn Location: 5:00

PiG - Winner!

  • Race: Protoss Protoss
  • League: Grandmaster
  • Spawn Location: 11:00

VOD

Have the link to the VOD?

Description

Time

  • Played on: Jan. 14, 2018, 4:26 p.m.
  • Length: 12:44
Show
View Real Time Build Order
Export as new Build Order

nOtoRioUsPiG Terran 

Build Orders: Reaper Expand, MMM Bio 

Get SALT Encoding   

  12  0:01  SCV  
  13  0:14  SCV  
  14  0:17  Supply Depot  
  14  0:26  SCV  
  15  0:28  Refinery  
  15  0:39  SCV  
  16  0:45  Barracks  
  16  0:51  SCV  
  17  1:03  SCV  
  18  1:15  SCV  
  19  1:33  Orbital Command, Reaper  
  20  1:50  Command Center  
  20  2:00  SCV  
  21  2:05  Factory  
  21  2:09  Barracks Reactor  
  21  2:13  SCV  
  22  2:16  Refinery  
  22  2:22  Supply Depot  
  22  2:28  SCV  
  23  2:44  SCV  
  23  2:46  Marine x2  
  23  2:49  Widow Mine, Starport  
  28  2:56  SCV  
  29  3:04  Orbital Command  
  29  3:08  Marine x2  
  29  3:10  SCV  
  32  3:14  Widow Mine  
  34  3:22  SCV  
  35  3:27  Medivac  
  35  3:30  SCV  
  39  3:34  SCV  
  39  3:36  Barracks Tech Lab, Widow Mine  
  39  3:44  Bunker  
  39  3:45  SCV  
  39  3:46  SCV  
  41  4:00  SCV x2  
  41  4:02  Viking  
  44  4:04  Supply Depot  
  44  4:09  Barracks  
  44  4:12  Marine x2  
  46  4:22  SCV x2, Siege Tank  
  51  4:27  Barracks  
  51  4:30  Marine  
  51  4:31  Marine  
  53  4:34  SCV x2  
  53  4:46  SCV x2  
  53  4:47  Marine  
  53  4:48  Marine  
  51  5:07  Starport Tech Lab  
  51  5:11  SCV x2  
  51  5:13  Factory Reactor, Engineering Bay  
  53  5:14  Refinery  
  53  5:16  Marine x2, Stimpack  
  53  5:17  Marine  
  56  5:23  SCV  
  57  5:33  Starport Reactor, Supply Depot  
  57  5:34  Supply Depot, Combat Shields  
  62  5:35  Marauder  
  62  5:36  Marine  
  62  5:37  Marine  
  61  5:43  Marauder  
  61  5:45  Terran Infantry Weapons Level 1  
  61  5:52  Command Center  
  61  5:53  Supply Depot  
  61  5:54  Marine  
  61  5:55  Widow Mine, Marine  
  61  5:56  Widow Mine  
  67  6:00  Supply Depot  
  67  6:03  Marauder  
  69  6:10  Medivac x2  
  73  6:13  Marauder  
  73  6:14  Marine  
  73  6:15  Marine  
  77  6:23  SCV x2  
  77  6:25  Marauder  
  81  6:26  Refinery  
  81  6:32  Marine  
  82  6:33  Marine  
  82  6:34  Supply Depot  
  82  6:35  SCV  
  82  6:38  SCV  
  85  6:41  Marauder  
  87  6:49  Supply Depot  
  87  6:50  Marauder  
  89  6:58  Marine  
  89  6:59  Marine  
  89  7:00  Widow Mine x2, Concussive Shells  
  95  7:05  Orbital Command  
  95  7:11  Marauder  
  95  7:12  Marauder  
  99  7:23  Widow Mine x2, Marine  
  88  7:40  Terran Infantry Armor Level 1  
  88  7:41  Marine  
  88  7:42  Marauder  
  84  7:51  Marine  
  84  7:52  Medivac x2  
  84  7:53  SCV  
  84  7:54  SCV  
  87  8:03  Starport, Barracks  
  87  8:04  Barracks  
  87  8:05  SCV  
  87  8:06  SCV  
  87  8:08  Orbital Command, Marine  
  87  8:09  Marauder, Marine  
  81  8:30  Marine x2  
  81  8:31  Marauder, Marine  
  84  8:35  SCV x2  
  84  8:39  Medivac x2  
  84  8:40  Orbital Command, Medivac x2  
  88  8:48  Marine  
  88  8:49  Marauder  
  70  8:57  Barracks Tech Lab, Barracks Reactor  
  70  8:58  SCV x2  
  70  9:01  Marauder, Marine  
  72  9:04  Factory Reactor  
  72  9:08  SCV  
  73  9:10  SCV x2  
  73  9:14  Marine  
  76  9:18  Medivac x2  
  76  9:20  SCV  
  76  9:23  SCV x2  
  83  9:28  Bunker  
  83  9:29  Marine  
  84  9:32  SCV  
  84  9:33  Liberator x2  
  84  9:34  Marauder  
  84  9:35  Marauder, SCV x2  
  84  9:36  Marine x2  
  84  9:38  Liberator  
  93  9:41  Supply Depot  
  93  9:42  Marine x2  
  93  9:44  SCV  
  96  9:47  SCV x2  
  104  9:55  Marine x3  
  110  10:00  Marine  
  110  10:01  Marauder  
  108  10:08  SCV x2  
  108  10:09  SCV  
  108  10:12  Marauder, Marine  
  114  10:15  Liberator  
  114  10:17  Missile Turret  
  114  10:18  Marine x2  
  114  10:19  Marine  
  114  10:20  SCV  
  114  10:21  SCV, Supply Depot x2  
  119  10:22  Liberator  
  119  10:23  Supply Depot  
  119  10:26  SCV  
  119  10:28  Marine  
  120  10:33  SCV  
  127  10:35  Supply Depot  
  127  10:37  Marine x2, Liberator  
  127  10:38  Marine x3  
  133  10:43  Marine x2  
  133  10:45  Supply Depot  
  133  10:46  Marine  
  136  10:55  Marine x4  
  143  10:57  SCV x2  
  145  11:04  SCV  
  145  11:07  Marine x3  
  145  11:08  Marauder  
  145  11:09  Liberator x2, SCV  
  149  11:13  Marine  
  150  11:21  Marine, SCV x2  
  150  11:26  Marauder  
  150  11:31  Marine  
  150  11:32  Marauder  
  149  11:35  Liberator  
  124  11:49  Marine  
  124  11:50  Marauder  
  124  11:52  Marine  
  124  11:53  Marauder  
  112  11:57  Marine  
  107  12:06  Marine  
  107  12:07  Marine  
  77  12:11  Marauder  
  77  12:14  Marauder  
Show
View Real Time Build Order
Export as new Build Order

PiG Protoss - Winner!

Build Orders: 1 Gate Expand 

Get SALT Encoding   

  12  0:01  Probe  
  13  0:13  Probe  
  14  0:17  Pylon  
  14  0:25  Probe (Chrono Boost)  
  15  0:37  Probe (Chrono Boost), Gateway  
  16  0:45  Probe (Chrono Boost)  
  16  0:46  Assimilator  
  17  0:51  Probe  
  18  1:03  Probe  
  19  1:16  Probe  
  20  1:24  Nexus  
  20  1:37  Cybernetics Core  
  20  1:38  Probe  
  21  1:41  Assimilator  
  21  1:50  Probe  
  21  1:52  Pylon  
  22  2:05  Probe  
  23  2:11  Stalker (Chrono Boost)  
  23  2:15  Warp Gate (Chrono Boost)  
  25  2:17  Probe  
  26  2:27  Robotics Facility  
  26  2:32  Probe  
  26  2:34  Stalker (Chrono Boost)  
  29  2:37  Probe (Chrono Boost)  
  30  2:49  Probe (Chrono Boost)  
  30  2:50  Probe (Chrono Boost)  
  32  2:55  Probe (Chrono Boost), Stalker (Chrono Boost)  
  32  2:57  Probe (Chrono Boost)  
  36  3:03  Probe  
  37  3:08  Probe  
  37  3:11  Warp Prism (Chrono Boost)  
  38  3:18  Probe  
  41  3:22  Gateway  
  41  3:26  Gateway  
  41  3:34  Probe  
  40  3:40  Probe  
  36  4:03  Probe  
  36  4:06  Pylon  
  36  4:08  Assimilator  
  38  4:10  Observer (Chrono Boost)  
  38  4:17  Stalker x2  
  40  4:18  Probe x2  
  40  4:20  Nexus  
  40  4:24  Observer (Chrono Boost), Stalker  
  46  4:29  Pylon  
  46  4:30  Probe  
  48  4:41  Probe (Chrono Boost)  
  50  4:49  Probe (Chrono Boost)  
  50  4:51  Twilight Council, Forge  
  51  4:52  Probe (Chrono Boost)  
  51  5:05  Warp Prism  
  49  5:09  Probe, Stalker x2  
  49  5:10  Probe  
  55  5:21  Pylon  
  55  5:22  Protoss Ground Armor Level 1 (Chrono Boost)  
  55  5:25  Pylon  
  55  5:26  Stalker  
  55  5:27  Charge (Chrono Boost)  
  55  5:28  Probe (Chrono Boost)  
  58  5:33  Probe (Chrono Boost)  
  58  5:40  Probe (Chrono Boost)  
  58  5:41  Probe (Chrono Boost)  
  60  5:49  Probe (Chrono Boost)  
  62  5:51  Sentry x2  
  62  5:55  Probe (Chrono Boost)  
  66  5:59  Probe (Chrono Boost)  
  66  6:02  Probe (Chrono Boost)  
  68  6:04  Probe  
  68  6:05  Observer, Gateway  
  68  6:07  Gateway  
  68  6:09  Probe, Gateway  
  71  6:13  Gateway  
  71  6:16  Gateway  
  71  6:17  Gateway  
  71  6:19  Pylon  
  71  6:25  Zealot  
  73  6:27  Observer  
  73  6:29  Pylon  
  74  6:38  Pylon  
  74  6:46  Zealot x3  
  80  6:48  Observer  
  81  6:54  Pylon  
  81  6:56  Pylon  
  81  7:07  Zealot x6  
  81  7:08  Gateway  
  93  7:12  Protoss Ground Weapons Level 1 (Chrono Boost)  
  93  7:16  Blink  
  93  7:20  Zealot  
  93  7:21  Zealot x2  
  99  7:29  Zealot x5  
  87  7:51  Zealot x5  
  87  7:58  Zealot x4  
  101  7:59  Probe  
  101  8:00  Probe x2  
  108  8:12  Probe x2  
  110  8:13  Nexus  
  110  8:15  Pylon  
  102  8:20  Zealot x3  
  106  8:31  Zealot x5  
  116  8:38  Templar Archives  
  116  8:40  Assimilator  
  116  8:42  Assimilator  
  116  8:46  Assimilator  
  90  9:00  Zealot x6  
  90  9:01  Zealot, Sentry  
  90  9:02  Sentry  
  94  9:03  Protoss Ground Armor Level 2 (Chrono Boost)  
  94  9:17  Probe (Chrono Boost)  
  94  9:18  Probe (Chrono Boost), Zealot  
  94  9:23  Observer  
  98  9:24  Zealot x3  
  98  9:25  Zealot  
  98  9:28  Probe (Chrono Boost), Psionic Storm  
  110  9:33  Probe (Chrono Boost)  
  110  9:34  High Templar x2  
  110  9:35  Probe x2 (Chrono Boost)  
  114  9:51  High Templar x2  
  114  9:52  High Templar x4  
  124  9:54  Probe  
  124  9:55  Probe  
  128  10:16  Archon  
  128  10:17  High Templar x2  
  128  10:18  Zealot x2  
  128  10:19  Probe  
  137  10:27  Pylon, Photon Cannon  
  137  10:28  Pylon, Shield Battery  
  137  10:30  Probe, Robotics Bay  
  137  10:31  Zealot x5  
  137  10:32  Assimilator  
  148  10:37  Assimilator  
  148  10:44  Warp Prism  
  148  10:45  Pylon  
  148  10:46  Zealot x2  
  148  10:47  Pylon  
  154  10:55  Zealot x4  
  162  11:00  Dark Shrine  
  160  11:05  Archon  
  160  11:07  Archon  
  156  11:23  Zealot x5  
  156  11:24  Zealot x3  
  158  11:53  Zealot x6  
  156  12:05  Archon  
  156  12:06  Archon  
  150  12:13  Observer  
  150  12:18  Dark Templar x3  
  150  12:19  Dark Templar  
Tags
 
Add a new tag
Caveats
  • Supply blocks, unpowered buildings, or Contaminate may cause inaccurate times.
  • Supply counts are checked every 10 seconds.